 Dungeon Crawl Stone Soup version 0.29.1-13-g9f3cf754e1 (webtiles) character file.

Game seed: 6926473994518594870

148 112233 the Grave Robber (level 5, -8/28 HPs)
             Began as a Deep Elf Necromancer on Feb 9, 2023.
             Mangled by an ogre
             ... wielding a +0 giant club
              (28 damage)
             ... on level 4 of the Dungeon.
             The game lasted 00:02:36 (3133 turns).

112233 the Grave Robber (Deep Elf Necromancer)      Turns: 3133, Time: 00:02:37

Health: -8/28      AC:  3    Str:  5    XL:     5   Next: 8%
Magic:  1/13       EV: 13    Int: 22    God:
Gold:   189        SH:  0    Dex: 15    Spells: 8/12 levels left

rFire   . . .      SeeInvis .   (no weapon)
rCold   . . .      Faith    .   (no shield)
rNeg    . . .      Spirit   .   a - +0 robe
rPois   .          Reflect  .   (no helmet)
rElec   .          Harm     .   (no cloak)
rCorr   .          Rampage  .   c - +0 pair of gloves
Will    .....                   (no boots)
Stlth   +++.......              (no amulet)
HPRegen 0.09/turn               (no ring)
MPRegen 0.13/turn               (no ring)

@: no status effects
A: no striking features
a: no special abilities


You were on level 4 of the Dungeon.
You visited 1 branch of the dungeon, and saw 4 of its levels.

You collected 189 gold pieces.

Inventory:

Missiles
 i - 6 poisoned darts
 j - 5 atropa-tipped darts
Armour
 a - a +0 robe (worn)
 c - a +0 pair of gloves (worn)
Jewellery
 l - a ring of positive energy
Scrolls
 b - 3 scrolls of identify {unknown}
 d - a scroll of fog {unknown}
 e - a scroll of vulnerability {unknown}
 g - a scroll of enchant weapon {unknown}
 k - a scroll of teleportation {unknown}
Potions
 f - a potion of brilliance {unknown}
 h - a potion of might {unknown}
 m - a potion of magic


   Skills:
 + Level 3.8 Dodging
 + Level 4.0 Stealth
 + Level 4.4 Spellcasting
 + Level 5.6 Necromancy


You had 8 spell levels left.
You knew the following spells:

 Your Spells              Type           Power      Damage    Failure   Level
a - Necrotise             Necr           100%       1d9       1%          1
b - Vampiric Draining     Necr           29%        2d8       3%          3

Your spell library contained the following spells:

 Spells                   Type           Power      Damage    Failure   Level
 Animate Dead             Necr           29%        N/A       11%         4
 Agony                    Necr           29%        N/A       28%         5


Dungeon Overview and Level Annotations

Branches:
Dungeon (4/15)
 Temple: D:4-7

Altars:
Fedhas

Shops:
D:1 ([

Annotations:
D:2 1 runed translucent door, Crazy Yiuf


Message History

Confirm with . or Enter, or press ? or * to list all spells.
Aiming: Necrotise (safe; 1% risk of failure)
Press: ? - help, Shift-Dir - straight line, f/p - ogre
Aim: an ogre, wielding a +0 giant club (lightly wounded, chance to affect: 83%)
The ogre writhes in agony.
The ogre hits you with a +0 giant club!
Ouch! That really hurt!
Unknown command.
Unknown command.
Casting: Necrotise (safe; 1% risk of failure)
Confirm with . or Enter, or press ? or * to list all spells.
Aiming: Vampiric Draining (dangerous; 3% risk of failure)
Press: ? - help, Shift-Dir - straight line, f/p - ogre
Aim: an ogre, wielding a +0 giant club (heavily wounded)
You draw life force from the ogre!
You feel life coursing into your body. The ogre closely misses you.
Unknown command.
Unknown command.
Unknown command.
Casting: Vampiric Draining (dangerous; 3% risk of failure)
Confirm with . or Enter, or press ? or * to list all spells.
Aiming: Vampiric Draining (dangerous; 3% risk of failure)
Press: ? - help, Shift-Dir - straight line, f/p - ogre
Aim: an ogre, wielding a +0 giant club (severely wounded)
You draw life force from the ogre.
You feel life coursing into your body.
Unknown command.
Unknown command.
Unknown command.
Casting: Vampiric Draining (dangerous; 3% risk of failure)
Confirm with . or Enter, or press ? or * to list all spells.
You don't have enough magic to cast this spell.
Unknown command.
Casting: Vampiric Draining (dangerous; 3% risk of failure)
Confirm with . or Enter, or press ? or * to list all spells.
Aiming: Necrotise (safe; 1% risk of failure)
Press: ? - help, Shift-Dir - straight line, f/p - ogre
Aim: an ogre, wielding a +0 giant club (almost dead, chance to affect: 83%)
The ogre barely resists.
The ogre hits you with a +0 giant club!!
Ouch! That really hurt!
You die...

#.... #.... . ##.... ..
....# ... >..###........
...............
#######O.#..............
#......@........#.#.....
#.#########.......#.....
#.#8#8#8#8#.......#..##.
#.#.#.#.#.#...........#.
#...............#.....#.
###.#.#.#.#...#.#.....##
#8#8#8#8#.............
#########......#...###
..........#...##


You could see an ogre.

Vanquished Creatures
  An iguana (D:4)
  4 gnolls (D:4)
  2 adders
  A dart slug (D:1)
  3 orcs
  5 endoplasms
  3 giant cockroaches
  7 goblins
  2 hobgoblins (D:2)
  9 jackals
  4 kobolds
  2 quokkas
  5 ball pythons
  3 bats
  2 frilled lizards
53 creatures vanquished.

Vanquished Creatures (collateral kills)
  A ball python (D:1)
  A quokka (D:2)
2 creatures vanquished.

Grand Total: 55 creatures vanquished

Notes
Turn   | Place    | Note
-------+----------+-------------------------------------------
     0 | D:1      | 112233 the Deep Elf Necromancer began the quest for the
                  | Orb.
     0 | D:1      | Reached XP level 1. HP: 10/10 MP: 6/6
    79 | D:1      | Found Loses's Armour Boutique.
   254 | D:1      | Reached skill level 5 in Necromancy
   254 | D:1      | Reached XP level 2. HP: 15/15 MP: 5/8
   402 | D:1      | Found a faded altar of an unknown god.
  1043 | D:1      | Found Zoweusolol's Antique Weapon Emporium.
  1280 | D:2      | Reached XP level 3. HP: 7/19 MP: 0/10
  1294 | D:2      | Learned a level 3 spell: Vampiric Draining
  1798 | D:2      | Found a runed translucent door.
  1799 | D:2      | Noticed Crazy Yiuf
  2005 | D:3      | Found a blossoming altar of Fedhas.
  2646 | D:4      | Reached XP level 4. HP: 8/24 MP: 4/12
  3009 | D:4      | Reached XP level 5. HP: 28/28 MP: 6/13
  3127 | D:4      | Noticed an ogre
  3133 | D:4      | Mangled by an ogre

Illustrated notes

Levels and vault maps discovered:
D:1:      minmay_arrival_glassed_features, layout_basic, serial_shops, shop,
          nicolae_shop_stone, dreamdust_ecumenical_altar_grove,
          chequers_mini_garden, minivault_23
D:2:      layout_rooms, uniq_crazy_yiuf_cottage
D:3:      layout_basic, nicolae_overflow_quartered_altars, serial_shops, shop,
          hangedman_abyss_or_decor_stabs, chequers_serial_rivers_micro_d
D:4:      layout_basic, nicolae_ru_path_of_blood, gup_sewer_entry_bubbles,
          minmay_misc_feat_hallway

Skill      XL: |  1  2  3  4 |
---------------+-------------+-----
Necromancy     | 5 |  5.6
Stealth        | 3 4 |  4.0
Dodging        | 3 |  3.8
Spellcasting   | 4 |  4.4

Action                   |  1- 3 |  4- 6 || total
-------------------------+-------+-------++-------
 Cast: Necrotise         |    76 |    29 ||   105
       Vampiric Draining |       |     3 ||     3
  Use: Potion            |     2 |       ||     2
Armor: Robe              |     8 |     1 ||     9
Dodge: Dodged            |    27 |     5 ||    32
